 Dungeon Crawl Stone Soup version 0.23.2-1-ga50397a6bc (webtiles) character file.

Game seed: 1261991578796215727

466 Morbidden the Ruffian (level 6, -1/48 HPs)
             Began as a Demonspawn Fighter on Apr 25, 2019.
             Slain by Duvessa
             ... wielding a +0 short sword
              (9 damage)
             ... on level 5 of the Dungeon.
             The game lasted 00:10:41 (3652 turns).

Morbidden the Ruffian (Demonspawn Fighter)          Turns: 3652, Time: 00:10:42

Health: -1/48      AC:  7    Str: 17    XL:     6   Next: 81%
Magic:  6/6        EV: 10    Int: 11    God:
Gold:   216        SH:  9    Dex: 14    Spells: 5/5 levels left

rFire    + . .     SeeInvis .     - Unarmed
rCold    . . .     Gourm    .   j - +0 shield
rNeg     . . .     Faith    .   b - +0 scale mail
rPois    .         Spirit   .   (helmet restricted)
rElec    .         Reflect  .   (no cloak)
rCorr    .         Harm     .   (no gloves)
MR       .....                  (no boots)
Stlth    ..........             (no amulet)
HPRegen  0.16/turn              (no ring)
MPRegen  0.10/turn              (no ring)

@: hasted, very quick
A: antennae 1, claws 1, repulsion field 2, agile 1, fire resistance 1, powered
by pain 1, rot immunity
a: no special abilities


You were on level 5 of the Dungeon.
You were near starving.

You visited 1 branch of the dungeon, and saw 5 of its levels.

You collected 216 gold pieces.

Inventory:

Missiles
 s - 7 javelins (quivered)
Armour
 b - a +0 scale mail (worn)
 j - a +0 shield (worn)
 o - a +1 helmet
Jewellery
 v - an uncursed ring of protection from magic {unknown}
Wands
 w - a wand of enslavement (11)
Scrolls
 c - a scroll of teleportation {unknown}
 e - 2 scrolls of enchant weapon {unknown}
 h - 8 scrolls of identify {unknown}
 i - a scroll of fog {unknown}
 l - a scroll of enchant armour {unknown}
 n - 2 scrolls of noise
Potions
 d - a potion of might
 g - a potion of resistance
 q - 2 potions of lignification
 r - a potion of curing
Comestibles
 f - 6 rations


   Skills:
 * Level 4.0 Fighting
   Level 2.2 Axes
 + Level 3.7 Armour
 + Level 1.0 Dodging
 + Level 0.2 Stealth
 - Level 2.9 Shields
 * Level 4.7 Unarmed Combat


You had 5 spell levels left.
You didn't know any spells.
Your spell library contained the following spells:

 Spells                   Type           Power        Failure   Level  Hunger
 Magic Dart               Conj           #...         99%         1    ##.....
 Searing Ray              Conj           #.....       100%        2    ###....
 Dazzling Spray           Conj/Hex       #.....       100%        3    ####...
 Force Lance              Conj/Tloc      #.......     100%        4    #####..
 Fulminant Prism          Conj/Hex       #.........   100%        4    #####..
 Iskenderun's Mystic Bla  Conj           #.......     100%        4    #####..


Dungeon Overview and Level Annotations

Branches:
Dungeon (5/15)             Temple (0/1) D:5

Altars:
Fedhas
Gozag
Ru
Sif Muna
Wu Jian
The Shining One

Shops:
D:4 *(

Annotations:
D:5 Dowan, Duvessa


Innate Abilities, Weirdness & Mutations

You have sharp fingernails.
You are surrounded by a moderate repulsion field. (EV +3)
You sometimes gain a little power by taking damage.
You are immune to rotting.
You have a pair of small antennae on your head.
You are agile. (Dex +2)
Your flesh is heat resistant. (rF+)


Message History

You claw Duvessa!
Duvessa is severely wounded.
Duvessa hits you with a +0 short sword.
You closely miss Duvessa.
Duvessa is severely wounded.
Dowan mumbles some strange words.
Dowan blinks!
Duvessa hits you with a +0 short sword!
* * * LOW HITPOINT WARNING * * *
You claw Duvessa!
Duvessa is almost dead.
Duvessa hits you with a +0 short sword.
* * * LOW HITPOINT WARNING * * *
Your shield prevents you from hitting Duvessa.
Duvessa is almost dead.
Unknown command.
Unknown command.
You barely miss Duvessa.
Duvessa is almost dead.
Duvessa hits you with a +0 short sword!
You die...

*,* **,,**,,,,*,,,** #* *,*
*,,,,,,**,*,,,,, .** *,*
*,,**,,,,,,,**,* .,**
*,***###,,,,,*,,**,,,,* .,,*
*,,,,...,,**,*,,,,,*,,, .,**
*****#.#*,,,,,,,**,*,*, .###
#.#*,,*,##..,,[.#. ..>#
#.#*,,#.,.,>.*#... ##.#
#@#,....*#.,.,..## ##.#########
##e#..##.,..##.#...
...........####...{....#*,...#.##
##.....###..........#...,,#......
#####.# ######.....#.##..#.##.##
#.# *****##.##.......?Y..... #.#
*,,,,,..#*##............ #.#
*,****###***##########.# #.# *,*
*,,,,,,,* ##.##


You could see Duvessa.

Vanquished Creatures
  An ice beast (D:5)
  A phantom (D:4)
  A scorpion (D:4)
  2 bullfrog skeletons
  A worker ant (D:5)
  An orc wizard (D:4)
  4 adders
  A shadow imp (D:5)
  An adder skeleton (D:5)
  3 worms
  A dart slug (D:1)
  5 leopard geckos
  6 orcs
  A giant cockroach (D:3)
  6 goblins
  9 hobgoblins
  3 jackals (D:4)
  6 kobolds
  3 quokkas
  A ball python (D:2)
  8 bats
  5 frilled lizards
  6 rats
76 creatures vanquished.

Notes
Turn   | Place    | Note
-------+----------+-------------------------------------------
     0 | D:1      | Morbidden the Demonspawn Fighter began the quest for the
                  | Orb.
     0 | D:1      | Reached XP level 1. HP: 18/18 MP: 1/1
   181 | D:1      | Gained mutation: You have sharp fingernails. [demonic
                  | ancestry]
   181 | D:1      | Reached XP level 2. HP: 19/24 MP: 2/2
   902 | D:2      | Gained mutation: You sometimes gain a little power by
                  | taking damage. [demonic ancestry]
   902 | D:2      | Reached XP level 3. HP: 21/29 MP: 3/3
  1065 | D:2      | Reached skill level 1 in Unarmed Combat
  1442 | D:2      | Found a deep blue altar of Sif Muna.
  2119 | D:3      | Found a glowing golden altar of the Shining One.
  2143 | D:3      | Gained mutation: You are immune to rotting. [demonic
                  | ancestry]
  2143 | D:3      | Reached XP level 4. HP: 35/35 MP: 4/4
  2216 | D:3      | Found an opulent altar of Gozag.
  2291 | D:3      | Found an ornate altar of the Wu Jian Council.
  2569 | D:3      | Found a sacrificial altar of Ru.
  2730 | D:4      | Found Moawkeod's Weapon Boutique.
  2740 | D:4      | Noticed a phantom
  2780 | D:4      | Killed a phantom
  2780 | D:4      | Gained mutation: You are surrounded by a mild repulsion
                  | field. (EV +2) [demonic ancestry]
  2780 | D:4      | Reached XP level 5. HP: 15/42 MP: 5/5
  2798 | D:4      | Found Ededanun's Assorted Antiques.
  3140 | D:4      | Gained mutation: You are surrounded by a moderate repulsion
                  | field. (EV +3) [demonic ancestry]
  3140 | D:4      | Reached XP level 6. HP: 34/48 MP: 6/6
  3457 | D:5      | Entered Level 5 of the Dungeon
  3490 | D:5      | Found a staircase to the Ecumenical Temple.
  3493 | D:5      | Noticed an ice beast
  3493 | D:5      | Noticed a sky beast
  3529 | D:5      | Killed an ice beast
  3557 | D:5      | Gained mutation: Your flesh is heat resistant. (rF+)
                  | [potion of mutation]
  3557 | D:5      | Gained mutation: You are agile. (Dex +2) [potion of
                  | mutation]
  3557 | D:5      | Gained mutation: You have a pair of small antennae on your
                  | head. [potion of mutation]
  3567 | D:5      | Found a blossoming altar of Fedhas.
  3608 | D:5      | Reached skill level 1 in Dodging
  3626 | D:5      | Noticed Duvessa
  3634 | D:5      | Noticed Dowan
  3652 | D:5      | Slain by Duvessa

Skill      XL: |  1  2  3  4  5  6 |
---------------+-------------------+-----
Axes           | 2 |  2.2
Unarmed Combat | 1 3 4 |  4.7
Armour         | 3 |  3.7
Fighting       | 4 |  4.0
Dodging        | 1 |  1.0
Stealth        | |  0.2
Shields        | |  2.9

Action                   |  1- 3 |  4- 6 || total
-------------------------+-------+-------++-------
Melee: War axe           |    23 |       ||    23
       Unarmed           |   145 |   234 ||   379
Throw: Javelin           |       |     3 ||     3
Evoke: Wand              |       |     1 ||     1
  Use: Potion            |       |     7 ||     7
       Scroll            |       |     3 ||     3
 Stab: Distracted        |       |     1 ||     1
  Eat: Chunk             |     1 |     3 ||     4
       Ration            |     1 |       ||     1
Armor: Scale mail        |    63 |    55 ||   118
       Skin              |       |     4 ||     4
Dodge: Dodged            |    35 |    51 ||    86
Block: Shield            |    63 |    83 ||   146
